AoeStats
← ricky102603

Arabia

508601131Analyzed
1v1 RM · 11d ago on Sep 23, 2026· 53m 3s· 2 players
Game mode
Random Map
Map size
Tiny (2 player)
Population
200
Speed
Normal
Resources
Standard
Victory
Conquest
Starting age
Dark Age
Ending age
Imperial Age
RankedLock teamsTeams togetherTeam positionsShared explorationLock speedFull tech treeHidden civsTurbo modeCheats
Victory
Defeat
🇵🇪 Huns · Peru
1033
+15
🇹🇼 Ethiopians · Taiwan
1012
-15
ricky102603
7:11 Loom
9:44 Feudal Age
13:19 Fletching
15:37 Padded Archer Armor
22:10 Castle Age
20:24 Stone Mining
20:49 Horse Collar
21:25 Gold Mining
21:36 Double-Bit Axe
23:00 Crossbowman
24:05 Bodkin Arrow
39:49 Imperial Age
40:15 Arbalester
41:43 Thumb Ring
43:03 Bracer
44:35 Leather Archer Armor
44:45 Ballistics
48:02 Forging
47:57 Scale Barding Armor
49:41 Cavalier
51:16 Husbandry
52:40 Iron Casting
53:10 Chain Barding Armor
INKA_Zion
6:41 Loom
9:15 Feudal Age
14:16 Fletching
14:47 Padded Archer Armor
15:45 Double-Bit Axe
25:54 Castle Age
25:54 Forging
27:57 Scale Barding Armor
30:19 Iron Casting
31:18 Chain Barding Armor
31:29 Horse Collar
32:41 Bow Saw
31:56 Elite Skirmisher
33:14 Bloodlines
34:01 Wheelbarrow
34:28 Leather Archer Armor
34:38 Bodkin Arrow
41:41 Imperial Age
41:09 Ballistics
41:32 Gold Mining
41:48 Heavy Plow
43:33 Conscription
43:31 Bracer
44:15 Murder Holes
45:11 Masonry
46:28 Blast Furnace
47:30 Chemistry
45:52 Light Cavalry
48:10 Husbandry
48:20 Cavalier
49:17 Thumb Ring
50:27 Plate Barding Armor
51:07 Two-Man Saw
51:01 Parthian Tactics
51:41 Hussar
51:59 Pikeman
52:43 Scale Mail Armor
Connection lost

Rejoining the realm…

Still unreachable

The connection could not be restored.

Session expired

The server has moved on; the page needs a fresh start.